 Dungeon Crawl Stone Soup version 0.31.0-12-g77e489cdc1 (webtiles) character file.

Game seed: 4694838985533430164

327 PriceMaster the Covered (level 6, -1/49 (53) HPs)
             Began as a Minotaur Fighter on Feb 16, 2024.
             Slain by a wight
             ... wielding a +3 morningstar
              (15 damage)
             ... on level 4 of the Dungeon.
             The game lasted 00:02:43 (2937 turns).

PriceMaster the Covered (Minotaur Fighter)          Turns: 2937, Time: 00:02:44

HP:   -1/49 (53)    AC:  8    Str: 20    XL:     6   Next: 24%
MP:   5/5           EV:  9    Int:  7    God:
Gold: 147           SH:  4    Dex: 10    Spells: 5/5 levels left

rFire   + . .        a - +0 long sword
rCold   x . .        c - +0 buckler
rNeg    . . .        d - +0 scale mail of a wizard's laboratory {Harm rElec Stlth-}
rPois   .            (helmet restricted)
rElec   +            (no cloak)
rCorr   .            e - +0 pair of gloves
SInv    .            (no boots)
Will    .....        (no amulet) Stlth
                     f - ring of fire
HPRegen 0.28/turn    (no ring)
MPRegen 0.09/turn

%: harm (+30% outgoing, +20% incoming)
@: drained
A: horns 2, retaliatory headbutt
a: no special abilities


You were on level 4 of the Dungeon.
You visited 1 branch of the dungeon, and saw 4 of its levels.

You collected 147 gold pieces.

Inventory:

Hand Weapons
 a - a +0 long sword (weapon)
Armour
 b - a +0 scale mail
 c - a +0 buckler (worn)
 d - the +0 scale mail of a wizard's laboratory (worn) {Harm rElec Stlth-}
   (You found it on level 4 of the Dungeon)

   rElec:     It insulates you from electricity.
   Harm:      It increases damage dealt and taken.
   Stlth-:    It makes you less stealthy.
 e - a +0 pair of gloves (worn)
Jewellery
 f - a ring of fire (left hand)
Scrolls
 g - 4 scrolls of identify {unknown}
 h - a scroll of immolation
 i - a scroll of silence {unknown}
 j - 2 scrolls of vulnerability {unknown}
 k - a scroll of teleportation {unknown}
 n - a scroll of blinking {unknown}
 o - a scroll of revelation {unknown}
 p - 2 scrolls of fog {unknown}


   Skills:
 + Level 4.7 Fighting
 + Level 4.4 Long Blades
 + Level 6.1 Armour
 + Level 1.5 Dodging
 + Level 0.2 Stealth
 + Level 4.3 Shields


You had 5 spell levels left.
You didn't know any spells.
Your spell library contained the following spells:

 Spells                   Type           Power      Damage    Failure   Level
 Ensorcelled Hibernation  Hex/Ice        0%         N/A       92%         2
 Passwall                 Erth           0%         N/A       99%         3
 Swiftness                Air            0%         N/A       99%         3


Dungeon Overview and Level Annotations

Branches:
Dungeon (4/15)             Temple (0/1) D:4

Altars:
Ashenzari


Innate Abilities, Weirdness & Mutations

You have a pair of horns on your head.
You reflexively headbutt those who attack you in melee.


Message History

No target in view!
No target in view!
No target in view!
No target in view!
No target in view!
No target in view!
No target in view!
No target in view!
No target in view!
Things that are here:
a +0 club; a +0 hand axe; an orc corpse
Found a stone staircase leading down.
You now have 147 gold pieces (gained 16).
p - 2 scrolls labelled BUOMOO MAXZEZY (gained 1)
There is a stone staircase leading down here. 2 wights come into view.
The wight hits you with a +3 spear.
You feel drained.
The wight hits you with a +3 morningstar.
You feel drained.
You closely miss the wight.
You headbutt the wight, but do no damage.
The wight hits you with a +3 spear!
The wight hits you with a +3 morningstar!
You feel drained.
The wight hits you with a +3 morningstar.
You block the wight's attack.
You aren't carrying any potions.
Okay, then.
You completely miss the wight. The wight hits you with a +3 spear.
The wight barely misses you.
You hit the wight.
The wight is moderately damaged.
You block the wight's attack. The wight barely misses you.
You barely miss the wight. Your headbutt misses the wight.
The wight is moderately damaged.
You hear the brisk rusting of a distant drain.
The wight hits you with a +3 spear.
* * * LOW HITPOINT WARNING * * *
The wight hits you with a +3 morningstar!
You die...

#.....#....## #
#...#...#..## ##
.....###.....## #.
.....#.#.#.)...### #.
##.##...#...#.#...###.
#..##...#..##.###..#..
#..##......##.........
#..##zz..#........#..#
#..##@............#...
##..##...##............
##........#
.........#..
##..###..#.#
............ #####>.##
#....# .........)..
#......####.#..#
.......#...
#...........#..# ..#...
#.......#####..#
...#... #......## ..#
.......


You could see 2 wights.

Vanquished Creatures
  A scorpion (D:4)
  A wight (D:4)
  A bombardier beetle (D:3)
  A sleepcap (D:4)
  An orc wizard (D:3)
  4 gnolls (D:4)
  3 adders
  A ribbon worm (D:4)
  4 orcs
  3 ball pythons
  9 bats
  An endoplasm (D:4)
  A giant cockroach (D:2)
  6 goblins
  8 hobgoblins
  4 jackals (D:4)
  3 quokkas
  2 frilled lizards
  3 kobolds
  6 rats
63 creatures vanquished.

Notes
Turn   | Place    | Note
-------+----------+-------------------------------------------
     0 | D:1      | PriceMaster the Minotaur Fighter began the quest for the
                  | Orb.
     0 | D:1      | Reached XP level 1. HP: 19/19 MP: 0/0
   369 | D:1      | Found a faded altar of an unknown god.
   818 | D:1      | Found a broken altar of Ashenzari.
   876 | D:2      | Reached XP level 2. HP: 27/27 MP: 1/1
   902 | D:2      | Reached skill level 4 in Armour
  1180 | D:2      | Reached XP level 3. HP: 32/33 MP: 2/2
  1793 | D:3      | Reached XP level 4. HP: 7/41 MP: 3/3
  2074 | D:3      | Reached skill level 5 in Armour
  2549 | D:4      | Noticed a scorpion
  2556 | D:4      | Killed a scorpion
  2557 | D:4      | Reached skill level 1 in Dodging
  2557 | D:4      | Reached XP level 5. HP: 41/47 MP: 4/4
  2586 | D:4      | Found a staircase to the Ecumenical Temple.
  2652 | D:4      | Reached XP level 6. HP: 24/53 MP: 5/5
  2655 | D:4      | Identified the +0 scale mail of a wizard's laboratory {Harm
                  | rElec Stlth-}
  2799 | D:4      | Reached skill level 6 in Armour
  2937 | D:4      | Slain by a wight

Illustrated notes

Levels and vault maps discovered:
D:1:      dpeg_arrival_water_altar, layout_basic,
          hellmonk_ecumenical_altar_blasted, hangedman_decor_push
D:2:      cheibrodos_helix_gallery, layout_loops_corners, serial_forest,
          infiniplex_forest_lined_ring, infiniplex_forest_lined_2,
          infiniplex_forest_clump_double, infiniplex_forest_straight_1,
          infiniplex_forest_clump_small, infiniplex_forest_lined_2,
          infiniplex_forest_clump_small
D:3:      layout_rooms
D:4:      layout_rooms, minmay_temple_entry_arrows, gup_sewer_entry_bowl

Skill      XL: |  1  2  3  4  5  6 |
---------------+-------------------+-----
Armour         | 4 5 6 |  6.1
Fighting       | 4 |  4.7
Long Blades    | 3 4 |  4.4
Shields        | 4 |  4.3
Dodging        | 1 |  1.5
Stealth        | |  0.2

Action                     |  1- 3 |  4- 6 || total
---------------------------+-------+-------++-------
  Melee: Long sword        |    57 |   107 ||   164
         Headbutt          |     7 |    16 ||    23
    Use: Potion            |     2 |     4 ||     6
 Armour: Scale mail        |    46 |   112 ||   158
         Skin              |       |    33 ||    33
  Dodge: Dodged            |    43 |    54 ||    97
  Block: Buckler           |    17 |    35 ||    52
